 Dungeon Crawl Stone Soup version 0.13.0-19-g8e0b589 (webtiles) character file.

399 M4edhros the Covert (level 6, -10/39 HPs)
             Began as an Octopode Artificer on Oct 26, 2013.
             Killed by divine providence
             ... invoked by an orc priest
              (17 damage)
             ... on Level 5 of the Dungeon.
             The game lasted 00:03:10 (2854 turns).

M4edhros the Covert (Octopode Artificer)            Turns: 2854, Time: 00:03:10

HP -10/39        AC  1     Str 11      XL: 6   Next: 23%
MP   9/9         EV 12     Int 16      God:
Gold 128         SH  0     Dex 12      Spells:  0 memorised,  5 levels left

Res.Fire  : . . .   See Invis. : .   a - +0 short sword
Res.Cold  : . . .   Warding    : .   (no shield)
Life Prot.: . . .   Conserve   : .   (helmet restricted)
Res.Poison: .       Res.Corr.  : .   (no amulet)
Res.Elec. : .       Clarity    : .   (no ring)
Sust.Abil.: . .     Spirit.Shd : .   (no ring)
Res.Mut.  : .       Stasis     : .   (no ring)
Res.Rott. : .       Flight     : .   (no ring)
Saprovore : . . .                    (no ring)
                                     (no ring)
                                     (no ring)
                                     (no ring)

@: mildly poisoned, slightly resistant to hostile enchantments, extremely
stealthy
A: almost no armour, amphibious, 8 rings, constrict 8, camouflage 1, AC +1
a: no special abilities


You were on level 5 of the Dungeon.
You were hungry.

You visited 1 branch of the dungeon, and saw 5 of its levels.

You collected 108 gold pieces.

Inventory:

Hand weapons
 a - a +0,+0 short sword (weapon)
Magical devices
 b - a wand of flame (8)
 c - a wand of enslavement (9)
 d - a wand of random effects (9)
Comestibles
 f - 2 bread rations
 h - 2 apples
 n - a meat ration
Scrolls
 e - 4 scrolls of identify {unknown}
 g - a scroll of magic mapping {unknown}
 i - a scroll of fog {unknown}
 j - a scroll of enchant weapon I {unknown}
 m - a scroll of blinking {unknown}
Jewellery
 k - an uncursed amulet of warding {unknown}
 l - an uncursed ring of poison resistance {unknown}


   Skills:
 - Level 1.0 Fighting
 - Level 1.0 Short Blades
 - Level 2.0 Dodging
 + Level 8.8 Stealth
 - Level 3.2 Evocations


You had 5 spell levels left.
You didn't know any spells.

Dungeon Overview and Level Annotations

Branches:
Dungeon (5/27)
 Temple: D:4-7

Altars:

Portals:
Ziggurat: D:5 (7500 gp)


Innate Abilities, Weirdness & Mutations

You cannot wear most types of armour.
You are amphibious.
You can wear up to eight rings at the same time.
You can use your tentacles to constrict many enemies at once.
Your skin changes colour to match your surroundings (Stlth).
Your rubbery body absorbs attacks (AC +1).


Message History

You constrict the adder.
You kill the adder!
The orc hits you with an orcish short sword!
* * * LOW HITPOINT WARNING * * *
You aren't carrying any potions.
Evoke which item? (* to show all) (? for menu, Esc to quit)
Zapping:
c - a wand of enslavement (11)
Press: ? - help, Shift-Dir - straight line, f - orc
Aim: an orc, wielding an orcish short sword The orc easily resists.
This wand has 10 charges left.
The orc misses you.
Evoke which item? (* to show all) (? for menu, Esc to quit)
Zapping:
c - a wand of enslavement (10)
Press: ? - help, Shift-Dir - straight line, f/p - orc
Aim: an orc, wielding an orcish short sword The orc is charmed.
This wand has 9 charges left.
* * * LOW HITPOINT WARNING * * *
You feel sick.
The orc priest mumbles some strange prayers to Beogh against you.
Something smites you!
You die...

#...... #.......
#.......# #.......#
#.......# #.o.....#
#.o.....#
###.)%....#
#..@......#
#.........#########
#...........).......
#...∩......<........
#........#+##.......
#........# .....
#........+ ..##
###.####.# .# #.#
#.# #


You could see an orc priest and a friendly orc.

Vanquished Creatures
  The ghost of M4edhros the Sneak, a weakling OpAr (D:4)
  2 crimson imps (D:4)
  A worker ant (D:4)
  3 orc wizards (D:4)
  3 adders
  An adder skeleton (D:4)
  11 orcs
  5 bats
  7 hobgoblins
  2 jackals (D:1)
  2 giant gecko skeletons
  3 goblins (D:1)
  2 hobgoblin skeletons (D:4)
  4 kobolds
  5 rats (D:1)
52 creatures vanquished.

Vanquished Creatures (collateral kills)
  A hobgoblin (D:1)
  A kobold (D:1)
2 creatures vanquished.

Grand Total: 54 creatures vanquished

Notes
Turn   | Place    | Note
--------------------------------------------------------------
     0 | D:1      | M4edhros, the Octopode Artificer, began the quest for the Orb.
     0 | D:1      | Reached XP level 1. HP: 14/14 MP: 1/1
   503 | D:1      | Reached XP level 2. HP: 19/19 MP: 3/3
   910 | D:1      | Reached skill level 4 in Stealth
  1158 | D:3      | Reached XP level 3. HP: 24/24 MP: 4/4
  1288 | D:4      | Noticed M4edhros' ghost (weakling OpAr)
  1297 | D:4      | Killed M4edhros' ghost
  1297 | D:4      | Reached skill level 5 in Stealth
  1297 | D:4      | Reached XP level 4. HP: 9/29 MP: 6/6
  1337 | D:4      | Reached skill level 6 in Stealth
  1545 | D:4      | Reached XP level 5. HP: 30/34 MP: 7/7
  1931 | D:4      | Reached skill level 7 in Stealth
  2381 | D:4      | Reached skill level 8 in Stealth
  2783 | D:4      | Reached XP level 6. HP: 24/39 MP: 9/9
  2832 | D:5      | Entered Level 5 of the Dungeon
  2832 | D:5      | Found a gateway to a ziggurat.
  2854 | D:5      | Killed from afar by an orc priest

Action                   |  1- 3 |  4- 6 || total
-------------------------+-------+-------++-------
Melee: Short sword       |    61 |    66 ||   127
Evoke: Wand              |     6 |    13 ||    19
  Use: Potion            |     3 |     2 ||     5
 Stab: Sleeping          |     4 |     3 ||     7
